Map: 포트 알렉산더 - 래더

Players

Maru

  • Race: Terran Terran
  • League: Master
  • Spawn Location: 5:00

lllllllllll (sOs) - Winner!

  • Race: Protoss Protoss
  • League: Master
  • Spawn Location: 11:00

Event: IEM Season 13 - Katowice Server Qualifiers America

VOD

Have the link to the VOD?

Description

Time

  • Played on: Jan. 6, 2019, 8 p.m.
  • Length: 13:13

All games in this series

Show
View Real Time Build Order
Export as new Build Order

Maru Terran 

Build Orders: Cyclone Opening 

Get SALT Encoding   

  12  0:00  SCV  
  13  0:12  SCV  
  14  0:18  Supply Depot  
  14  0:24  SCV  
  15  0:40  SCV  
  15  0:41  Barracks  
  16  0:47  Refinery  
  16  0:52  SCV  
  16  0:57  Refinery  
  17  1:04  SCV  
  18  1:16  SCV  
  19  1:27  Marine  
  19  1:28  Orbital Command  
  20  1:38  Factory  
  20  1:46  Barracks Tech Lab  
  20  1:54  SCV  
  21  2:02  Supply Depot  
  21  2:06  SCV  
  22  2:15  Marine  
  23  2:23  SCV  
  23  2:26  Supply Depot  
  23  2:29  Cyclone, Mag-Field Accelerator  
  27  2:35  Marine, SCV  
  29  2:48  SCV  
  29  3:00  SCV, Starport  
  29  3:01  Cyclone  
  33  3:11  Supply Depot  
  33  3:12  SCV  
  33  3:15  Bunker  
  34  3:25  SCV  
  38  3:34  Cyclone  
  38  3:39  Viking  
  32  4:10  SCV  
  33  4:22  SCV  
  35  4:25  Viking  
  33  4:34  SCV  
  34  4:46  SCV  
  34  4:48  Widow Mine  
  37  4:56  Supply Depot  
  37  5:00  SCV  
  38  5:13  Siege Tank  
  40  5:15  SCV  
  38  5:27  SCV  
  38  5:39  SCV  
  39  5:46  Starport Tech Lab  
  39  5:51  SCV  
  40  6:03  SCV  
  39  6:05  Cloaking Field  
  39  6:12  Banshee  
  39  6:15  SCV  
  43  6:18  Bunker  
  43  6:30  SCV  
  44  6:37  Command Center  
  44  6:55  Banshee  
  44  7:00  SCV  
  48  7:10  Barracks  
  48  7:12  SCV  
  49  7:24  SCV  
  49  7:38  Raven  
  49  7:42  Factory Tech Lab, SCV  
  52  7:56  Orbital Command  
  52  7:58  Barracks Reactor  
  52  8:01  Siege Tank  
  52  8:05  SCV  
  56  8:08  Barracks  
  56  8:21  Banshee  
  56  8:22  Orbital Command  
  56  8:31  SCV  
  57  8:34  Siege Tank  
  60  8:42  Marine  
  60  8:43  Marine  
  60  8:45  SCV  
  60  8:48  SCV  
  64  9:00  Marine x2  
  64  9:01  Marine  
  68  9:03  Supply Depot  
  68  9:05  Supply Depot  
  68  9:07  Banshee  
  70  9:19  Siege Tank  
  70  9:24  Marine x3  
  70  9:27  SCV  
  74  9:38  Command Center, SCV  
  75  9:39  SCV  
  75  9:42  Marine x3  
  70  9:50  SCV  
  70  9:51  Banshee  
  63  9:53  SCV  
  61  10:00  Engineering Bay  
  61  10:02  SCV  
  61  10:04  Supply Depot  
  61  10:05  Barracks Tech Lab  
  62  10:08  SCV  
  62  10:14  SCV  
  62  10:15  Marine x2  
  62  10:20  SCV  
  53  10:22  Siege Tank  
  52  10:31  Marine  
  52  10:32  Stimpack  
  52  10:33  SCV x2  
  55  10:40  Bunker  
  55  10:45  Banshee  
  55  10:47  SCV  
  59  10:51  SCV  
  59  10:54  Orbital Command  
  60  10:58  Bunker  
  60  10:59  SCV  
  60  11:01  Supply Depot  
  60  11:04  SCV  
  60  11:05  Bunker  
  60  11:07  Siege Tank  
  64  11:11  SCV  
  64  11:14  Marine  
  64  11:15  Marine x2  
  64  11:16  SCV  
  69  11:21  SCV  
  69  11:24  SCV  
  71  11:29  Barracks, SCV  
  72  11:34  SCV  
  72  11:36  SCV  
  74  11:42  Starport Reactor  
  71  11:47  SCV  
  71  11:48  SCV  
  71  11:49  Engineering Bay  
  71  11:50  Marine x3, Engineering Bay  
  76  12:02  Factory Reactor  
  76  12:03  Barracks  
  76  12:05  Barracks  
  76  12:08  Marine x2, Orbital Command  
  77  12:13  SCV  
  79  12:16  Refinery  
  79  12:21  SCV  
  80  12:25  SCV  
  80  12:27  Barracks Reactor  
  80  12:28  Marine x2, Marauder  
  85  12:33  SCV  
  85  12:34  Refinery  
  85  12:36  SCV  
  87  12:37  SCV  
  87  12:42  Widow Mine x2  
  92  12:45  SCV  
  92  12:47  Supply Depot  
  93  12:55  SCV  
  99  12:58  SCV  
  99  12:59  Supply Depot  
Show
View Real Time Build Order
Export as new Build Order

lllllllllll Protoss - Winner!

Build Orders: 1 Gate Expand, Oracle Opening 

Get SALT Encoding   

  12  0:00  Probe  
  13  0:12  Probe  
  14  0:18  Pylon  
  14  0:24  Probe  
  15  0:30  Assimilator  
  15  0:36  Probe  
  16  0:43  Gateway  
  16  0:44  Probe  
  17  0:52  Probe  
  18  1:03  Probe  
  19  1:15  Probe  
  20  1:24  Nexus  
  20  1:32  Cybernetics Core  
  20  1:35  Probe  
  21  1:41  Assimilator  
  21  1:47  Probe  
  21  1:51  Pylon  
  22  1:59  Probe  
  22  2:00  Adept  
  23  2:01  Warp Gate  
  23  2:11  Stargate  
  23  2:15  Probe  
  26  2:27  Probe  
  29  2:37  Probe  
  30  2:39  Probe  
  30  2:40  Stalker  
  31  2:48  Oracle  
  31  2:53  Pylon  
  34  3:03  Shield Battery  
  34  3:15  Sentry, Shield Battery  
  36  3:20  Gateway  
  35  3:31  Gateway  
  35  3:34  Oracle, Probe  
  41  3:50  Pylon  
  40  3:58  Pylon  
  38  4:07  Sentry  
  38  4:09  Probe  
  38  4:17  Stalker  
  40  4:21  Probe  
  37  4:34  Pylon  
  37  4:41  Zealot  
  42  4:56  Pylon  
  43  5:04  Stalker  
  44  5:10  Stalker  
  44  5:11  Stalker  
  45  5:15  Twilight Council  
  45  5:21  Blink  
  45  5:26  Probe  
  43  5:45  Stalker  
  43  5:47  Pylon  
  43  5:48  Phoenix, Stalker  
  45  6:06  Probe  
  44  6:21  Stalker x3  
  50  6:28  Pylon  
  50  6:31  Probe  
  51  6:46  Probe  
  52  6:49  Robotics Facility  
  52  6:58  Nexus  
  52  7:07  Shield Battery  
  52  7:08  Probe  
  53  7:20  Probe  
  54  7:26  Charge  
  54  7:27  Stalker x2  
  58  7:35  Pylon  
  58  7:36  Observer  
  59  7:46  Phoenix  
  59  7:50  Probe  
  60  7:52  Observer  
  61  8:05  Probe  
  61  8:07  Stalker  
  61  8:12  Gateway  
  64  8:17  Observer  
  65  8:30  Stalker x2  
  65  8:31  Stalker  
  67  8:36  Warp Prism  
  69  8:50  Probe x2  
  69  8:52  Observer  
  71  9:01  Zealot x3  
  76  9:08  Zealot  
  78  9:13  Nexus, Observer  
  78  9:25  Zealot x3  
  78  9:29  Pylon  
  68  10:00  Zealot x4  
  68  10:02  Probe x2  
  78  10:14  Probe x2  
  80  10:19  Warp Prism  
  66  10:26  Probe x2  
  59  10:29  Zealot x4  
  59  10:32  Probe  
  70  10:36  Templar Archives  
  68  10:50  Zealot x4  
  68  10:56  Psionic Storm  
  76  10:58  Probe x2  
  78  11:08  Probe  
  78  11:11  Gateway  
  79  11:13  Gateway  
  79  11:15  Gateway  
  79  11:22  High Templar x2  
  79  11:23  High Templar  
  79  11:24  Zealot  
  79  11:25  Probe x2  
  88  11:26  Probe  
  88  11:30  Assimilator  
  90  11:37  Assimilator  
  88  11:50  Probe x2  
  88  11:54  High Templar  
  92  11:55  Shield Battery  
  92  11:57  Pylon  
  92  12:01  Warp Prism, Zealot x3  
  92  12:07  Observer  
  94  12:14  Stalker x3  
  100  12:23  Stalker  
  100  12:24  Observer, Stalker x2  
  106  12:39  Zealot x4  
  106  12:42  Probe  
  106  12:43  Pylon  
  115  12:45  Pylon  
  115  12:55  Zealot  
  117  13:04  Zealot x5  

Tags
 
Add a new tag
Caveats
  • Supply blocks, unpowered buildings, or Contaminate may cause inaccurate times.
  • Supply counts are checked every 10 seconds.